 Dungeon Crawl Stone Soup version 0.29-a0-341-g24ffce5b50 (webtiles) character file.

Game seed: 11843205816324812193

75 Cecur the Caller (level 4, -1/46 HPs)
             Began as a Demonspawn Summoner on Apr 21, 2022.
             Was an Initiate of Gozag.
             Slain by a ball python (2 damage)
             ... on level 2 of the Dungeon.
             The game lasted 00:07:07 (2465 turns).

Cecur the Caller (Demonspawn Summoner)              Turns: 2465, Time: 00:07:08

Health: -1/46      AC:  2    Str:  8    XL:     4   Next: 11%
Magic:  5/8        EV: 12    Int: 19    God:    Gozag
Gold:   188        SH:  0    Dex: 13    Spells: 7/8 levels left

rFire   . . .      SeeInvis .   p - +0 dagger (vamp)
rCold   . . .      Faith    .   (no shield)
rNeg    . . .      Spirit   .   a - +0 robe
rPois   .          Reflect  .   (no helmet)
rElec   .          Harm     .   (no cloak)
rCorr   .          Rampage  .   (no gloves)
Will    .....                   (no boots)
Stlth   ..........              (no amulet)
HPRegen 0.15/turn               (no ring)
MPRegen 0.11/turn               (no ring)

@: berserking, lethally poisoned (-1 -> -2), gold aura, flying, very quick
A: hooves 1, foul stench 2
a: Renounce Religion, Potion Petition, Call Merchant, Bribe Branch


You were on level 2 of the Dungeon.
You worshipped Gozag.
Gozag was aware of your devotion.
You visited 1 branch of the dungeon, and saw 2 of its levels.

You collected 188 gold pieces.

Inventory:

Hand Weapons
 p - a +0 vampiric dagger (weapon)
Armour
 a - a +0 robe (worn)
Jewellery
 o - an amulet of the acrobat
Scrolls
 d - a scroll of blinking {unknown}
 h - a scroll of identify {unknown}
 i - 3 scrolls of silence {unknown}
 j - a scroll of immolation {unknown}
 k - 3 scrolls of fear {unknown}
 m - a scroll of summoning {unknown}
Potions
 b - a potion of magic
 c - a potion of flight
 e - a potion of might {unknown}
 f - a potion of resistance {unknown}
 l - a potion of curing {unknown}
 n - a potion of attraction {unknown}
 q - a potion of mutation {unknown}


   Skills:
 - Level 0.4 Fighting
 - Level 1.7 Dodging
 - Level 1.7 Stealth
 * Level 2.8 Spellcasting
 * Level 5.1 Summonings


You had 7 spell levels left.
You knew the following spells:

 Your Spells              Type           Power      Damage    Failure   Level
a - Summon Small Mammal   Summ           88%        N/A       1%          1

Your spell library contained the following spells:

 Spells                   Type           Power      Damage    Failure   Level
 Call Imp                 Summ           22%        N/A       3%          2
 Call Canine Familiar     Summ           22%        N/A       6%          3
 Sting                    Tmut/Pois      8%         1d3       16%         1
 Summon Guardian Golem    Hex/Summ       12%        N/A       16%         3
 Poisonous Vapours        Pois/Air       4%         N/A       24%         2
 Summon Lightning Spire   Summ/Air       12%        N/A       47%         4
 Olgreb's Toxic Radiance  Pois           2%         N/A       83%         4


Dungeon Overview and Level Annotations

Branches:
Dungeon (2/15)

Altars:
Gozag
Beogh


Innate Abilities, Weirdness & Mutations

You have large cloven feet.
You sometimes emit foul miasma when damaged in melee.


Message History

The adder bites you.
* * * LOW HITPOINT WARNING * * *
Your quokka misses the adder. The ball python bites your quokka.
Your quokka dies!
Your quokka's corpse disappears in a puff of smoke!
Your quokka bites the adder but does no damage.
The adder barely misses your quokka.
It was a potion of flight.
You feel very buoyant.
You fly up into the air.
* * * LOW HITPOINT WARNING * * *
You feel sick.
Your quokka bites the adder.
The adder bites your quokka but does no damage.
Unknown command.
It was a potion of berserk rage.
A red film seems to cover your vision as you go berserk!
You feel yourself moving faster!
You feel mighty!
* * * LOW HITPOINT WARNING * * *
You feel sick.
The endoplasm is no longer distracted by gold.
Your quokka completely misses the adder.
The adder bites your quokka but does no damage.
The ball python closely misses you. The ball python completely misses you.
Your quokka bites the adder.
Unknown command.
You are too berserk!
Unknown command.
You strike the helpless adder from behind!
You puncture the adder!
You feel better.
You kill the adder!
* * * LOW HITPOINT WARNING * * *
You feel sick. The ball python completely misses you.
The ball python barely misses you.
You have reached level 4!
You feel clever.
Your demonic ancestry asserts itself...
Your foul stench grows more powerful.
You completely miss the ball python.
Your quokka bites the worm.
The ball python bites you.
You die...
Your body crumbles into a pile of gold.

#.######+##.#
#.........#.#
#########........#.#
........'........#
#########........#####
#..#..........
#######..#.##.######
#....##..#.##.###
#..@.##....##....
#.Sw.##..........
#..$r##..........
###...$##...........
.......$'.........##
####..J.###.......# $
#....# #.......#
+....+ ........#
#....# #....)(.#


You could see a worm, an endoplasm, a ball python (ally target) and a friendly
quokka (summoned).

Vanquished Creatures
  2 adders (D:2)
  A dart slug (D:2)
  2 ball pythons (D:1)
  A goblin (D:2)
  A jackal (D:2)
  A bat (D:1)
  2 kobolds (D:1)
  2 rats (D:1)
12 creatures vanquished.

Vanquished Creatures (collateral kills)
  A gnoll (D:1)
  A worm (D:2)
  2 dart slugs
  3 endoplasms (D:1)
  A giant cockroach (D:1)
  2 goblins (D:2)
  2 hobgoblins
  4 jackals
  2 quokkas (D:1)
  2 bats (D:1)
  2 frilled lizards (D:1)
  4 kobolds (D:1)
  A rat (D:2)
27 creatures vanquished.

Grand Total: 39 creatures vanquished

Notes
Turn   | Place    | Note
-------+----------+-------------------------------------------
     0 | D:1      | Cecur the Demonspawn Summoner began the quest for the Orb.
     0 | D:1      | Reached XP level 1. HP: 13/13 MP: 3/3
   491 | D:1      | Gained mutation: You have large cloven feet. [demonic
                  | ancestry]
   491 | D:1      | Reached XP level 2. HP: 20/20 MP: 0/5
   865 | D:1      | Gained mutation: You may rarely emit foul miasma when
                  | damaged in melee. [demonic ancestry]
   865 | D:1      | Reached XP level 3. HP: 25/25 MP: 1/6
  1203 | D:1      | Found a faded altar of an unknown god.
  1227 | D:1      | Prayed at the altar of an unknown god.
  1227 | D:1      | Became a worshipper of Gozag Ym Sagoz the Greedy
  2445 | D:2      | Reached skill level 5 in Summonings
  2462 | D:2      | HP: 1/25 [poisoned by an adder]
  2465 | D:2      | Gained mutation: You sometimes emit foul miasma when
                  | damaged in melee. [demonic ancestry]
  2465 | D:2      | Reached XP level 4. HP: 1/31 MP: 5/8
  2465 | D:2      | Slain by a ball python

Illustrated notes

Levels and vault maps discovered:
D:1:      minmay_arrival_three_doors, layout_basic,
          hellmonk_ecumenical_altar_defaced_shrine
D:2:      cheibrodos_helix_gallery, layout_basic

Skill      XL: |  1  2  3 |
---------------+----------+-----
Summonings     | 5 |  5.1
Fighting       | |  0.4
Dodging        | |  1.7
Stealth        | |  1.7
Spellcasting   | |  2.8

Action                   |  1- 3 |  4- 6 || total
-------------------------+-------+-------++-------
Melee: Unarmed           |    52 |       ||    52
       Kick              |     9 |       ||     9
       Dagger            |    20 |     1 ||    21
 Cast: Summon Small Mamm |    73 |       ||    73
  Use: Potion            |     2 |       ||     2
 Stab: Distracted        |     2 |       ||     2
Armor: Robe              |    18 |       ||    18
Dodge: Dodged            |    83 |       ||    83

Table legend: (Time is in decaauts)
 A = Elapsed time spent in this place.
 B = Non-inter-level travel time spent in this place.
 C = Inter-level travel time spent in this place.
 D = Time resting spent in this place.
 E = Time spent auto-exploring this place.
 F = Levels seen in this place.
 G = Mean time per level.
                   A        B        C        D        E       F      G
               +--------+--------+--------+--------+--------+-----+--------+
         Total |   2464 |   2375 |     89 |      0 |   1966 |   2 | 1232.0 |
       Dungeon |   2464 |   2375 |     89 |      0 |   1966 |   2 | 1232.0 |
               +--------+--------+--------+--------+--------+-----+--------+

Top non-repeatable levels by time:
     D:1: 1546 daAuts
     D:2: 918 daAuts
